 Dungeon Crawl Stone Soup version 0.29-a0-330-g52719c12eb (webtiles) character file.

Game seed: 11134697735602967267

252566 Armakuni the Bludgeoner (level 20, -3/155 HPs)
             Began as a Human Monk on Apr 15, 2022.
             Was a Priest of the Shining One.
             Slain by an ironbound thunderhulk
             ... wielding a +0 dire flail
              (38 damage)
             ... on level 1 of the Vaults on Apr 16, 2022.
             The game lasted 02:02:54 (35089 turns).

Armakuni the Bludgeoner (Human Monk)               Turns: 35089, Time: 02:02:54

Health: -3/155     AC: 24    Str: 15    XL:     20   Next: 49%
Magic:  21/30      EV: 13    Int: 16    God:    the Shining One [***...]
Gold:   3235       SH: 14    Dex: 16    Spells: 14/21 levels left

rFire   + . .      SeeInvis +   a - +3 sacred scourge (holy)
rCold   + + .      Faith    .   Z - +1 kite shield {reflect}
rNeg    + . .      Spirit   .   C - +7 Kryia's mail coat {PotionHeal*2 rC+}
rPois   +          Reflect  +   S - +0 mask of the Dragon {Will+ Slay+3 SInv}
rElec   .          Harm     .   b - scarf {rC+ rF+}
rCorr   .          Rampage  .   c - +0 pair of gloves
Will    ++...                   G - +2 pair of boots {Fly}
Stlth   +.........              R - amulet of regeneration
HPRegen 1.95/turn               A - +4 ring of protection
MPRegen 0.22/turn               P - ring of poison resistance

@: flying, slowed, glowing, very slow
A: horns 1, regeneration 1
}: 2/15 runes: barnacled, gossamer
a: Renounce Religion, Divine Shield, Cleansing Flame


You were on level 1 of the Vaults.
You worshipped the Shining One.
The Shining One was most pleased with you.
You visited 7 branches of the dungeon, and saw 33 of its levels.
You also visited: Bailey.

You collected 4388 gold pieces.
You spent 1153 gold pieces at shops.

Inventory:

Hand Weapons
 a - a +3 sacred scourge of holy wrath (weapon)
Missiles
 g - 3 curare-tipped darts (quivered)
 h - 2 throwing nets
Armour
 b - a scarf of resistance (worn)
 c - a +0 pair of gloves (worn)
 C - the +7 Kryia's mail coat (worn) {PotionHeal*2 rC+}
   (You found it on level 6 of the Dungeon)

   Potions are twice as effective at healing its wearer.
   rC:        It protects you from cold.
 G - a +2 pair of boots of flying (worn)
 S - the +0 mask of the Dragon (worn) {Will+ Slay+3 SInv}
   (You acquired it on level 14 of the Dungeon)

   Slay:      It affects your accuracy & damage with ranged weapons and melee
   (+3).
   SInv:      It lets you see invisible.
   Will:      It increases your willpower.
 Z - a +1 kite shield of reflection (worn)
Magical Staves
 Q - a staff of poison
 V - a staff of earth
 W - a staff of cold
Jewellery
 A - a +4 ring of protection (left hand)
 H - an amulet of reflection
 K - a ring of resist corrosion
 L - a ring of flight
 P - a ring of poison resistance (right hand)
 R - an amulet of regeneration (around neck)
 T - a +6 ring of strength
Wands
 j - a wand of iceblast (2)
 m - a wand of mindburst (22)
 p - a wand of paralysis (6)
 q - a wand of charming (6)
 v - a wand of flame (63)
 D - a wand of polymorph (27)
Scrolls
 d - 6 scrolls of teleportation
 f - 4 scrolls of fog
 i - 5 scrolls of vulnerability
 l - 4 scrolls of fear
 E - 2 scrolls of silence
 F - 3 scrolls of magic mapping
 N - 5 scrolls of blinking
 O - 3 scrolls of amnesia
 X - a scroll of summoning
 Y - 2 scrolls of noise
Potions
 e - 4 potions of resistance
 k - 6 potions of might
 n - 4 potions of haste
 r - 3 potions of curing
 t - 6 potions of lignification
 u - 4 potions of cancellation
 w - 7 potions of magic
 z - 7 potions of brilliance
 B - 6 potions of berserk rage
 I - 26 potions of ambrosia
 M - 6 potions of mutation
Miscellaneous
 s - a phantom mirror
 x - a box of beasts (inert)


   Skills:
 + Level 12.6 Fighting
 - Level 16.4(18.0) Maces & Flails
 - Level 12.1(15.8) Staves
 - Level 10.0 Armour
 - Level 10.0 Dodging
 - Level 2.0 Stealth
 + Level 14.0 Shields
 - Level 1.0 Spellcasting
 - Level 2.0 Translocations
 - Level 10.0 Ice Magic
 - Level 10.0 Poison Magic
 - Level 13.9 Invocations
 - Level 10.0 Evocations


You had 14 spell levels left.
You knew the following spells:

 Your Spells              Type           Power      Damage    Failure   Level
a - Apportation           Tloc           14%        N/A       50%         1
o - Ozocubu's Armour      Ice            32%        N/A       6%          3
r - Frozen Ramparts       Ice            64%        1d8       6%          3

Your spell library contained the following spells:

 Spells                   Type           Power      Damage    Failure   Level
 Freeze                   Ice            100%       1d11      1%          1
 Ensorcelled Hibernation  Hex/Ice        32%        N/A       24%         2
 Spider Form              Tmut/Pois      16%        N/A       43%         3
 Animate Skeleton         Necr           0%         N/A       77%         1
 Foxfire                  Conj/Fire      0%         2x1d4     77%         1
 Summon Small Mammal      Summ           0%         N/A       77%         1
 Hailstorm                Conj/Ice       16%        3d6       85%         4
 Ice Form                 Ice/Tmut       16%        N/A       85%         4
 Summon Ice Beast         Ice/Summ       16%        N/A       85%         4
 Corpse Rot               Necr/Air       0%         N/A       88%         2
 Conjure Flame            Conj/Fire      0%         6-21      98%         3
 Inner Flame              Hex/Fire       0%         N/A       98%         3
 Vampiric Draining        Necr           0%         2d6       98%         3
 Alistair's Intoxication  Tmut/Pois      10%        N/A       99%         5
 Metabolic Englaciation   Hex/Ice        8%         N/A       99%         5
 Anguish                  Hex/Necr       0%         N/A       100%        4
 Dispel Undead            Necr           0%         3d6       100%        4
 Flame Wave               Conj/Fire      0%         2d4       100%        4
 Borgnjor's Vile Clutch   Necr/Erth      0%         N/A       100%        5
 Death Channel            Necr           0%         N/A       100%        6
 Eringya's Noxious Bog    Tmut/Pois      8%         N/A       100%        6
 Simulacrum               Ice/Necr       8%         N/A       100%        6
 Haunt                    Necr/Summ      0%         N/A       100%        7
 Infestation              Necr           0%         N/A       100%        8


Dungeon Overview and Level Annotations

Branches:
Dungeon (15/15)            Temple (1/1) D:7            Lair (6/6) D:8
 Shoals (4/4) Lair:3       Spider (4/4) Lair:2        Slime (0/5) Lair:5
    Orc (2/2) D:10            Elf (0/3) Orc:2        Vaults (1/5) D:13
 Depths (0/4) D:15         Bailey (visited)

Altars:
Ashenzari
Cheibriados
Dithmenos
Elyvilon
Fedhas
Gozag
Hepliaklqana
Kikubaaqudgha
Makhleb
Nemelex Xobeh
Okawaru
Qazlal
Ru
Sif Muna
Trog
Uskayaw
Vehumet
Wu Jian
Xom
Yredelemnul
Zin
The Shining One
Beogh
Jiyva
Lugonu

Shops:
D:5 [[(   D:14 (   Orc:1 (   Orc:2 ([(*:

Portals:
Abyss: Lair:6

Annotations:
Spider:2 Roxanne


Innate Abilities, Weirdness & Mutations

You have a pair of small horns on your head.
Your natural rate of healing is unusually fast.


Message History

The great orb of eyes closely misses you.
The ironbound thunderhulk hits you with a +0 dire flail!!
* * * LOW HITPOINT WARNING * * *
The +7 Kryia's mail coat enhances the healing.
You feel much better.
The sphinx casts a spell.
Something smites you!
* * * LOW HITPOINT WARNING * * *
You block the ironbound preserver's attack.
You block the great orb of eyes's attack.
The ironbound thunderhulk hits you with a +0 dire flail!!
* * * LOW HITPOINT WARNING * * *
The sphinx hits you.
* * * LOW HITPOINT WARNING * * *
The sphinx hits you but does no damage. You block the sphinx's attack.
The great orb of eyes bites you but does no damage.
The ironbound preserver gestures wildly while chanting.
The ironbound preserver is healed somewhat.
The ironbound thunderhulk hits you but does no damage.
The +7 Kryia's mail coat enhances the healing.
You feel much better. The sphinx hits you but does no damage.
You block the sphinx's attack. x2
The ironbound thunderhulk closely misses you.
The ironbound preserver hits you with a +0 morningstar!
* * * LOW HITPOINT WARNING * * *
You block the great orb of eyes's attack.
Strange energies crackle from the ironbound thunderhulk's apparatus.
The ironbound thunderhulk blinks!
The sphinx hits you but does no damage. The sphinx completely misses you.
The sphinx hits you but does no damage.
You thrash the ironbound thunderhulk!!
The ironbound thunderhulk is heavily wounded.
You block the great orb of eyes's attack.
The ironbound preserver hits you but does no damage.
The sphinx casts a spell.
Something smites you!
* * * LOW HITPOINT WARNING * * *
You whack the ironbound thunderhulk!
The ironbound thunderhulk is heavily wounded.
The ironbound thunderhulk hits you with a +0 dire flail!!!
You die...

..
##########'###
.........)...#
.........)...#
.........O....#
...............#
...............#
........Hp)....#
........G@)....#
..........O....#
...............#
...............#
..........)....#
.###'######)[..#
... #.)).# #..
#....# #....#


You could see an ironbound preserver, a sphinx, 2 ironbound thunderhulks and a
great orb of eyes.

Vanquished Creatures
  Saint Roka (Orc:2)
  Nikola (Spider:1)
  3 krakens (Shoals:2)
  Polyphemus (Shoals:4)
  3 sphinxes (Shoals:4)
  Gastronok (Lair:1)
  Donald (Spider:1)
  The ghost of Gahoodgh the Fighter, an adept HuCj of Okawaru (D:15)
  An orc warlord (Orc:2)
  5 ghost moths
  5 emperor scorpions
  Louise (Shoals:3)
  An ironbound preserver (Vaults:1)
  2 broodmothers
  3 ironbound thunderhulks (Vaults:1)
  Azrael (Spider:1)
  5 dire elephants
  3 spark wasps
  A minotaur (Shoals:4)
  3 entropy weavers
  2 eidola (D:15)
  A yaktaur captain (Vaults:1)
  2 ettins (Orc:1)
  2 merfolk javelineers
  2 merfolk impalers
  A rakshasa (D:14)
  2 great orbs of eyes
  8 boulder beetles
  6 hydras
  2 catoblepae
  4 radroaches
  An ice dragon (D:14)
  19 centaur warriors
  7 ironbound frosthearts
  3 two-headed ogres
  8 merfolk avatars
  An alligator snapping turtle (Shoals:2)
  4 death yaks (Shoals:4)
  4 merfolk aquamancers
  12 satyrs
  A tengu warrior (D:13)
  An orc high priest (Orc:2)
  Urug (D:13)
  3 thrashing horrors (Lair:6)
  Sonja (Orc:2)
  Amaemon (Lair:3)
  A sun moth (Spider:3)
  17 sea snakes
  5 pharaoh ants
  3 deep trolls (Vaults:1)
  4 orb spiders
  A phantasmal warrior (D:15)
  7 steelbarb worms
  Pikel (D:9)
  3 orc knights
  2 flayed ghosts (D:15)
  6 ironbound convokers
  2 deep elf pyromancers
  14 harpies
  21 manticores
  An oklob plant (Lair:4)
  An ugly thing (Lair:6)
  14 wolf spiders
  5 orc sorcerers
  6 cyclopes
  5 moths of wrath
  A salamander (D:15)
  13 merfolk sirens
  A salamander (shapeshifter) (D:14)
  12 fauns
  A moth of wrath (shapeshifter) (D:13)
  8 elephants
  2 smoke demons (Lair:6)
  6 water nymphs
  Maurice (D:12)
  2 vault sentinels (Vaults:1)
  A torpor snail (Spider:1)
  6 black mambas
  Joseph (D:7)
  3 unseen horrors
  A gargoyle (D:12)
  An orange demon (Lair:3)
  7 cane toads
  5 demonic crawlers
  Psyche (D:12)
  15 komodo dragons
  A rime drake (D:14)
  2 freezing wraiths (D:14)
  3 ancient zymes (Lair:6)
  3 yaktaurs (Vaults:1)
  8 wind drakes
  3 meliai
  5 trolls
  A queen bee (shapeshifter) (Lair:6)
  A hornet (D:8)
  2 burning bushes (Lair:2)
  46 merfolk
  23 blink frogs
  34 tarantellas
  14 slime creatures
  9 snapping turtles
  24 dream sheep
  Sigmund (D:2)
  19 culicivoras
  2 spriggans
  8 water elementals
  2 wraiths (D:11)
  2 ynoxinuls (Lair:6)
  23 jumping spiders
  2 centaur simulacra (D:14)
  4 vampires
  5 wyverns
  2 shadows
  16 humans (D:12)
  28 yaks
  2 fire elementals (Spider:1)
  4 basilisks
  2 chaos spawn (Lair:6)
  A steam dragon (D:8)
  11 vampire mosquitoes
  46 redbacks
  Grum (Lair:1)
  A redback simulacrum (D:14)
  Menkaure (D:6)
  2 large abominations (Lair:6)
  2 wargs (Orc:1)
  A naga (shapeshifter) (D:15)
  2 acid dragons
  Duvessa (D:5)
  19 water moccasins
  2 hell hounds (Spider:1)
  2 hornet zombies (D:8)
  42 orc warriors
  2 sky beasts (D:7)
  2 black bears
  An ice beast (D:5)
  9 ogres
  7 wolves
  2 boggarts (Vaults:1)
  7 small abominations (Lair:6)
  7 centaurs
  A lemure (D:9)
  A phantom (D:6)
  A kobold brigand (D:8)
  11 bullfrogs
  2 wyvern zombies (D:8)
  3 scorpions
  4 gnoll sergeants
  3 wights (D:7)
  Dowan (D:5)
  36 killer bees
  5 howler monkeys
  2 electric eels (D:10)
  3 centaur zombies (D:8)
  2 hounds
  3 jellies
  27 orc priests
  2 gnoll shamans (D:6)
  Terence (D:2)
  29 orc wizards
  4 hell rats (Lair:3)
  3 iguanas
  A howler monkey zombie (D:8)
  13 adders
  28 gnolls
  5 river rats (D:4)
  2 shadow imps (D:5)
  2 white imps
  3 worms
  2 dart slugs
  98 orcs
  7 ball pythons
  6 bats
  4 endoplasms
  2 giant cockroaches (D:3)
  12 goblins
  8 hobgoblins
  8 jackals
  20 kobolds
  2 quokkas (D:1)
  5 frilled lizards
  10 rats
  16 tentacles (Shoals:2)
1219 creatures vanquished.

Vanquished Creatures (collateral kills)
  Jorgrun (D:14)
  A spark wasp (Spider:4)
  An entropy weaver (Spider:3)
  A boulder beetle (Vaults:1)
  A sun moth (Spider:4)
  2 wolf spiders
  A moth of wrath (Spider:1)
  A torpor snail (Spider:3)
  A tarantella (Spider:4)
  A slime creature (Vaults:1)
  A jumping spider (Spider:1)
  A fire elemental (Spider:1)
  3 redbacks
  A warg (Orc:2)
  2 hell hounds (Spider:1)
  5 orc warriors (Orc:2)
  3 orc priests (Orc:2)
  An orc wizard (Orc:2)
  4 orcs (Orc:2)
  An endoplasm (D:1)
33 creatures vanquished.

Vanquished Creatures (others)
  A death yak (Lair:5)
  A komodo dragon (Lair:5)
  A queen bee (Lair:1)
  A tarantella (Spider:1)
  A dream sheep (Lair:5)
  A water elemental (Shoals:1)
  3 orc warriors (Orc:2)
  2 killer bees
  8 fungi
  82 plants
  26 tentacles (Shoals:2)
127 creatures vanquished.

Grand Total: 1379 creatures vanquished

Notes
Turn   | Place    | Note
-------+----------+-------------------------------------------
     0 | D:1      | Armakuni the Human Monk began the quest for the Orb.
     0 | D:1      | Reached XP level 1. HP: 18/18 MP: 1/1
   394 | D:1      | Reached XP level 2. HP: 23/24 MP: 2/2
   508 | D:1      | Gained mutation: Your natural rate of healing is unusually
                  | fast. [potion of mutation]
   508 | D:1      | Gained mutation: You have a pair of small horns on your
                  | head. [potion of mutation]
   639 | D:1      | Reached XP level 3. HP: 29/29 MP: 3/3
  1128 | D:2      | Reached XP level 4. HP: 37/37 MP: 4/4
  1162 | D:2      | Noticed Terence
  1175 | D:2      | Killed Terence
  1176 | D:2      | Reached skill level 4 in Maces & Flails
  1755 | D:2      | Noticed Sigmund
  1770 | D:2      | Killed Sigmund
  1771 | D:2      | Reached skill level 5 in Fighting
  1771 | D:2      | Reached skill level 5 in Maces & Flails
  1771 | D:2      | Reached skill level 1 in Armour
  1771 | D:2      | Reached XP level 5. HP: 38/44 MP: 5/5
  1771 | D:2      | Reached XP level 6. HP: 44/51 MP: 6/6
  2075 | D:3      | Found a faded altar of an unknown god.
  2285 | D:3      | Reached XP level 7. HP: 56/56 MP: 7/7
  3183 | D:4      | Noticed a wyvern
  3192 | D:4      | Killed a wyvern
  3193 | D:4      | Reached skill level 5 in Dodging
  3268 | D:4      | Reached XP level 8. HP: 55/62 MP: 8/8
  4030 | D:5      | Entered Level 5 of the Dungeon
  4355 | D:5      | Found Wexala Ypla's Antique Weapon Shop.
  4382 | D:5      | Reached XP level 9. HP: 58/72 MP: 9/9
  4614 | D:5      | Found Ufiskuon's Antique Armour Emporium.
  4818 | D:5      | Found Nivad's Antique Armour Shop.
  4820 | D:5      | Noticed Duvessa
  4820 | D:5      | Noticed Dowan
  4832 | D:5      | Killed Duvessa
  4840 | D:5      | Killed Dowan
  4841 | D:5      | Reached skill level 5 in Staves
  4868 | D:5      | Bought an embroidered cloak for 210 gold pieces
  4957 | D:6      | Noticed a troll
  4983 | D:6      | Killed a troll
  5149 | D:6      | Reached skill level 1 in Evocations
  5169 | D:6      | Found the +7 Kryia's mail coat {PotionHeal*2 rC+}
  5172 | D:6      | Noticed Menkaure
  5187 | D:6      | Killed Menkaure
  5719 | D:7      | Reached XP level 10. HP: 79/79 MP: 10/10
  5722 | D:7      | Noticed Joseph
  5749 | D:7      | Killed Joseph
  5784 | D:7      | Found a flagged portal.
  5795 | Bailey   | Entered a bailey
  5904 | Bailey   | Reached skill level 5 in Evocations
  6263 | D:7      | Found a staircase to the Ecumenical Temple.
  6269 | Temple   | Entered the Ecumenical Temple
  6292 | Temple   | Became a worshipper of Elyvilon the Healer
  6292 | Temple   | Reached * piety under Elyvilon
  6292 | Temple   | Reached ** piety under Elyvilon
  6957 | D:7      | Killed an unseen horror
  7193 | D:8      | Killed an unseen horror
  7194 | D:8      | Reached skill level 1 in Invocations
  7259 | D:8      | Reached XP level 11. HP: 79/84 MP: 13/13
  7266 | D:8      | Reached skill level 10 in Staves
  7322 | D:8      | Found a basalt altar of Yredelemnul.
  7340 | D:8      | Reached skill level 5 in Invocations
  7606 | D:8      | Found a staircase to the Lair.
  7752 | Lair:1   | Entered Level 1 of the Lair of Beasts
  7773 | Lair:1   | Noticed a seven-headed hydra
  7777 | Lair:1   | Killed a seven-headed hydra
  7821 | Lair:1   | Noticed Gastronok
  7838 | Lair:1   | Killed Gastronok
  8089 | Lair:1   | Reached *** piety under Elyvilon
  8328 | Lair:1   | Noticed Grum
  8343 | Lair:1   | Killed Grum
  8482 | Lair:1   | Reached XP level 12. HP: 91/91 MP: 18/18
  8808 | Lair:2   | Found a hole to the Spider Nest.
  8815 | Lair:2   | Reached skill level 10 in Invocations
  8833 | Lair:2   | Identified the +0 ring mail "Ylazaoh" {Will+}
  9227 | Lair:2   | Reached **** piety under Elyvilon
 10001 | D:5      | Bought a runed orb for 336 gold pieces
 10194 | Lair:3   | Noticed Amaemon
 10219 | Lair:3   | Killed Amaemon
 10286 | Lair:3   | Noticed a four-headed hydra
 10292 | Lair:3   | Killed a four-headed hydra
 10626 | Lair:3   | Found a staircase to the Shoals.
 10634 | Lair:3   | Reached XP level 13. HP: 94/101 MP: 17/20
 10956 | Lair:4   | Reached skill level 10 in Fighting
 11071 | Lair:4   | Reached skill level 10 in Evocations
 11251 | Lair:4   | Reached skill level 1 in Spellcasting
 11251 | Lair:4   | Reached skill level 1 in Poison Magic
 11332 | Lair:4   | You are sucked into a shaft and drop 2 floors!
 11332 | Lair:6   | Entered Level 6 of the Lair of Beasts
 11386 | Lair:6   | Reached skill level 5 in Armour
 11626 | Lair:5   | Reached ***** piety under Elyvilon
 12187 | Lair:5   | Reached skill level 5 in Poison Magic
 12289 | Lair:5   | Noticed a boulder beetle
 12300 | Lair:5   | Killed a boulder beetle
 12314 | Lair:5   | Found a viscous altar of Jiyva.
 12318 | Lair:5   | Found a staircase to the Slime Pits.
 12753 | Lair:5   | Noticed a seven-headed hydra
 12756 | Lair:5   | Pacified a nine-headed hydra
 12758 | Lair:5   | Noticed a dire elephant
 12786 | Lair:5   | Killed a dire elephant
 12845 | Lair:5   | Identified the +1 leather armour of Privacy {rN+}
 13169 | Lair:6   | Reached XP level 14. HP: 91/110 MP: 21/21
 13706 | Lair:6   | Identified a scroll of acquirement
 14013 | Lair:6   | Found a corrupted altar of Lugonu.
 14013 | Lair:6   | Found a one-way gate to the infinite horrors of the Abyss.
 14793 | D:9      | Reached skill level 10 in Armour
 14920 | D:9      | Noticed Pikel
 14932 | D:9      | Killed Pikel
 15475 | D:10     | Entered Level 10 of the Dungeon
 15988 | D:10     | Found a staircase to the Orcish Mines.
 16443 | D:11     | Reached skill level 10 in Poison Magic
 16571 | D:11     | Got the Incunabulum of Icy Evil
 17329 | D:12     | Noticed Maurice
 17341 | D:12     | Killed Maurice
 17355 | D:12     | Reached XP level 15. HP: 89/115 MP: 22/22
 17453 | D:12     | Reached ****** piety under Elyvilon
 17662 | D:12     | Noticed Psyche
 17672 | D:12     | Killed Psyche
 17673 | D:12     | Reached skill level 6 in Maces & Flails
 17723 | D:13     | Noticed Urug
 17723 | D:13     | Found a gate to the Vaults.
 17854 | D:13     | Killed Urug
 17855 | D:13     | Reached skill level 7 in Maces & Flails
 18165 | Temple   | Fell from the grace of Elyvilon
 18165 | Temple   | Became a worshipper of the Shining One
 18165 | Temple   | Reached * piety under the Shining One
 18165 | Temple   | Reached ** piety under the Shining One
 18165 | Temple   | Reached *** piety under the Shining One
 18279 | Orc:1    | Entered Level 1 of the Orcish Mines
 18384 | Orc:1    | Reached **** piety under the Shining One
 18458 | Orc:1    | Found Dudybboc's Weapon Boutique.
 18962 | Orc:2    | Entered Level 2 of the Orcish Mines
 19060 | Orc:2    | Noticed Saint Roka
 19087 | Orc:2    | Killed Saint Roka
 19154 | Orc:2    | Found Owoe's Book Shop.
 19302 | Orc:2    | Found a staircase to the Elven Halls.
 19388 | Orc:2    | Noticed Sonja
 19389 | Orc:2    | Killed Sonja
 19424 | Orc:2    | Found Cefil's Weapon Emporium.
 19550 | Orc:2    | Found Ciset's Assorted Antiques.
 19656 | Orc:2    | Noticed an orc warlord
 19657 | Orc:2    | Reached ***** piety under the Shining One
 19695 | Orc:2    | Killed an orc warlord
 19802 | Orc:2    | Found Nashunem's Antique Weapon Boutique.
 19804 | Orc:2    | Found Runaah's Antique Armour Shop.
 19817 | Orc:2    | Bought an embroidered hat for 126 gold pieces
 20117 | D:13     | Reached XP level 16. HP: 122/122 MP: 26/26
 20380 | D:14     | Found the +8 frozen axe "Frostbite" {freezing cloud, *Noise
                  | Fly rC+}
 20445 | D:14     | Learned a level 3 spell: Ozocubu's Armour
 20449 | D:14     | Learned a level 3 spell: Frozen Ramparts
 20557 | D:14     | Reached skill level 1 in Ice Magic
 20653 | D:14     | Acquired 695 gold pieces
 20658 | D:14     | Acquired the +0 mask of the Dragon {Will+ Slay+3 SInv}
 20658 | D:14     | Found the +0 mask of the Dragon {Will+ Slay+3 SInv}
 20753 | D:14     | Noticed Jorgrun
 20771 | D:14     | Killed Jorgrun
 20867 | D:14     | Found Zipn's Weapon Shoppe.
 21176 | D:15     | Entered Level 15 of the Dungeon
 21214 | D:14     | Reached skill level 5 in Ice Magic
 21487 | D:15     | Found a runed translucent gate.
 21487 | D:15     | Found a runed translucent gate.
 21487 | D:15     | Found a runed translucent gate.
 21487 | D:15     | Noticed Gahoodgh's ghost (adept HuCj)
 21874 | D:15     | Found a staircase to the Depths.
 21949 | D:15     | Killed Gahoodgh's ghost
 22144 | Spider:1 | Entered Level 1 of the Spider Nest
 22163 | Spider:1 | Noticed Donald
 22171 | Spider:1 | Killed Donald
 22724 | Spider:1 | Reached skill level 10 in Ice Magic
 22818 | Spider:1 | Reached XP level 17. HP: 126/128 MP: 27/27
 22902 | Spider:1 | Noticed Azrael
 22911 | Spider:1 | Killed Azrael
 22912 | Spider:1 | Reached skill level 8 in Maces & Flails
 22975 | Spider:1 | Noticed Nikola
 22995 | Spider:1 | Killed Nikola
 23059 | Spider:1 | You are sucked into a shaft and drop 1 floor!
 23892 | Spider:2 | Learned a level 1 spell: Apportation
 23919 | Spider:2 | Noticed Roxanne
 23974 | Spider:2 | Reached skill level 9 in Maces & Flails
 24359 | Spider:2 | Identified the +2 ring mail of Fusuez {rN+ rCorr}
 24962 | Spider:3 | Reached skill level 10 in Dodging
 25245 | Spider:3 | Reached ****** piety under the Shining One
 25254 | Spider:3 | Reached skill level 1 in Translocations
 25535 | Spider:3 | Identified a +2 sacred scourge of holy wrath (a +0 demon
                  | whip of venom blessed by the Shining One)
 25535 | Spider:3 | Received a gift from the Shining One
 25630 | Spider:3 | Reached skill level 1 in Shields
 26744 | Spider:4 | Entered Level 4 of the Spider Nest
 26774 | Spider:3 | Reached skill level 5 in Shields
 27280 | Spider:4 | Reached XP level 18. HP: 117/134 MP: 13/28
 28592 | Spider:4 | Got a gossamer rune of Zot
 29044 | Shoals:1 | Entered Level 1 of the Shoals
 29397 | Shoals:3 | Reached skill level 10 in Shields
 30291 | Shoals:2 | Noticed a kraken
 30298 | Shoals:2 | Identified the +1 short sword of Unpleasantness {antimagic,
                  | rPois}
 30299 | Shoals:2 | Noticed a kraken
 30583 | D:5      | Bought a pair of gloves for 94 gold pieces
 30787 | Orc:2    | Bought a potion of heal wounds for 155 gold pieces
 30787 | Orc:2    | Bought a scroll of blinking for 232 gold pieces
 31090 | Shoals:2 | Killed a kraken
 31101 | Shoals:2 | Noticed a kraken
 31258 | Shoals:1 | Reached XP level 19. HP: 83/142 MP: 18/29
 32339 | Shoals:2 | Found a runed translucent door.
 32416 | Shoals:2 | Acquired a manual of Maces & Flails
 32472 | Shoals:2 | Reached skill level 10 in Maces & Flails
 32670 | Shoals:4 | Entered Level 4 of the Shoals
 32670 | Shoals:4 | Noticed Louise
 32747 | Shoals:4 | Reached skill level 11 in Maces & Flails
 32755 | Shoals:3 | Killed Louise
 32787 | Shoals:4 | Noticed Polyphemus
 32822 | Shoals:4 | Reached skill level 12 in Maces & Flails
 32835 | Shoals:4 | Killed Polyphemus
 32957 | Shoals:4 | Acquired 476 gold pieces
 33070 | Shoals:4 | Reached skill level 13 in Maces & Flails
 33149 | Shoals:4 | Reached skill level 14 in Maces & Flails
 33312 | Shoals:4 | Reached skill level 15 in Maces & Flails
 33413 | Shoals:4 | Reached skill level 16 in Maces & Flails
 33487 | Shoals:4 | Identified the +9 rapier of Beuthor {vorpal, rC- Will+
                  | rCorr Dex+2}
 33581 | Shoals:4 | Got a barnacled rune of Zot
 33873 | Shoals:4 | Reached XP level 20. HP: 135/151 MP: 30/30
 34238 | Vaults:1 | Entered Level 1 of the Vaults
 34466 | Vaults:1 | Identified the +2 helmet "Pirallot" {Str+4 Int+4 Dex+4}
 34958 | Vaults:1 | HP: 7/154 [ironbound frostheart/creeping frost (19)]
 35059 | Vaults:1 | Identified the +1 leather armour of the Harp {rPois Str+7}
 35085 | Vaults:1 | HP: 2/155 [ironbound thunderhulk/+0 dire flail (24)]
 35089 | Vaults:1 | Slain by an ironbound thunderhulk

Illustrated notes

Levels and vault maps discovered:
D:1:      sevenhm_arrival_forest_fort_small_3, layout_loops_corners,
          st_stairs_14, hex_tiny
D:2:      layout_basic, serial_aquarium, aquarium_bridge_island_large
          [aquarium_subvault_large_water, aquarium_subvault_wall,
          aquarium_subvault_window, aquarium_subvault_bridge,
          aquarium_subvault_balcony], aquarium_bridge_straight
          [aquarium_subvault_bridge, aquarium_subvault_wall,
          aquarium_subvault_bridge, aquarium_subvault_wall], aquarium_window_1,
          aquarium_window_2, aquarium_window_2, aquarium_window_corner,
          aquarium_view_2e, aquarium_view_2e, aquarium_balcony_5b,
          aquarium_pool_2, chequers_serial_rivers_small_b, st_stairs_5,
          uniq_terence, uniq_sigmund
D:3:      minmay_evil_eye, layout_basic, basic_ecumenical_altar
D:4:      layout_basic, lightli_sewer_entry_pipes
D:5:      layout_loops_corners, serial_shops, shop, shop,
          nicolae_shop_overgrown_old_shop, guppyfry_early_lair_pool,
          uniq_duvessa
D:6:      layout_basic, uniq_menkaure
D:7:      layout_loops_cross, minmay_temple_entry_fiery, enter_bailey_3,
          uniq_joseph
D:8:      layout_rooms, nicolae_yredelemnul_corpse_copse, lair_entry_dummy
D:9:      nicolae_BIG_FREAKIN_CUBE, layout_stronghold, uniq_pikel
D:10:     layout_roguey, erik_orc_2, minmay_misc_feat_doors
D:11:     layout_layer_cave
D:12:     layout_rooms, uniq_maurice, uniq_psyche
D:13:     layout_rooms, david_vaults_3
D:14:     minmay_coctagon, layout_long_grid, minmay_misc_feat_tiny,
          serial_shops, nicolae_shop_bloodbath_and_beyond, uniq_jorgrun
D:15:     hangedman_depths_entry_try_elsewhere_first, layout_cave_pools,
          gammafunk_ghost_spectres
Temple:   nicolae_temple_the_god_donut
Lair:1:   layout_cave_pods, special_room [special_room_bee],
          serial_bayou_shore_b, uniq_gastronok, uniq_grum
Lair:2:   layout_layer_cave, hellmonk_spider_entry_life_and_decay,
          serial_bayou_pond_d, evilmike_ambush [evilmike_ambush_outer_corners,
          evilmike_ambush_inner_basic]
Lair:3:   layout_roguey, minmay_shoals_entry_lonely_mermaid, uniq_amaemon
Lair:4:   layout_hall_layers, beast_lair_carwin_3
Lair:5:   nzn_winding_woodlands_cross
          [nzn_winding_woodlands_5x15_river_crossing,
          nzn_winding_woodlands_5x15_lazy_stream,
          nzn_winding_woodlands_5x15_default,
          nzn_winding_woodlands_5x15_pathside_ponds,
          nzn_winding_woodlands_15x15_thick_spiral], layout_cave_pods,
          slime_altar_1, lemuel_fruit_tree, uniq_urug
Lair:6:   hellmonk_lair_end_abyssal_woods, layout_small_grid, minivault_19,
          st_stairs_5, grunt_megastairs_1
Shoals:1: layout_shoals
Shoals:2: nicolae_shoals_lighthouse, layout_shoals
Shoals:3: nicolae_shoals_island_circles, layout_shoals,
          nicolae_shoals_square_sea_wall
Shoals:4: shoals_end_hellmonk_lost_city, serial_shops, uniq_polyphemus,
          uniq_louise
Spider:1: layout_spider_delve, drop_trap, hellmonk_spider_spawner, uniq_azrael,
          uniq_donald, uniq_nikola
Spider:2: layout_cave_pods, uniq_roxanne
Spider:3: layout_chambers, nicolae_spider_circle_web, dreamdust_wasp_nest
Spider:4: grunt_spider_rune_parallel, spiders_nest_ghost_moth_duel
Orc:1:    layout_caves, serial_shops, shop
Orc:2:    grunt_orc_community_town_hall, layout_diamond_mine,
          grunt_orc_community_big_house_1, grunt_orc_community_big_house_2,
          grunt_orc_community_house_1, grunt_orc_community_house_2,
          grunt_orc_community_house_1, grunt_orc_community_house_3,
          serial_shops, nicolae_shop_waterfront, uniq_saint_roka, uniq_sonja
Vaults:1: hangedman_vaults_river_flow, vaults_room_grunt_arrival_ludios,
          vaults_mumra_bighexcomb, vaults_room_corners, vaults_room_pool,
          v_alt_pattern_1, hangedman_vaults_cutoff,
          nicolae_vaults_mini_display_case, layout_vaults_big_room,
          nicolae_trove_entry_isolated

Skill      XL: |  1  2  3  4  5  6  7  8  9 10 11 12 13 14 15 16 17 18 19 20 |
---------------+-------------------------------------------------------------+-----
Fighting       | 5 7 9 10 11 12 | 12.6
Maces & Flails | 5 7 9 16 | 16.4
Armour         | 1 2 4 7 10 | 10.0
Dodging        | 5 6 7 8 10 | 10.0
Staves         | 3 7 9 11 12 | 12.1
Evocations     | 3 6 8 10 | 10.0
Invocations    | 3 8 10 13 | 13.9
Spellcasting   | 1 |  1.0
Poison Magic   | 6 10 | 10.0
Ice Magic      | 10 | 10.0
Translocations | 2 |  2.0
Shields        | 6 12 13 14 | 14.0
Stealth        | |  2.0

Action                   |  1- 3 |  4- 6 |  7- 9 | 10-12 | 13-15 | 16-18 | 19-21 || total
-------------------------+-------+-------+-------+-------+-------+-------+-------++-------
Melee: Mace              |    14 |       |       |       |       |       |       ||    14
       Flail             |    51 |    68 |   272 |    63 |       |       |       ||   454
       Punch             |     2 |       |     5 |     1 |       |     1 |       ||     9
       Headbutt          |     4 |    13 |    54 |   126 |   291 |   461 |   378 ||  1327
       Lajatang          |       |       |       |   467 |  1121 |   505 |       ||  2093
       Sacred scourge    |       |       |       |       |       |   739 |   912 ||  1651
       Staff             |       |       |       |       |       |    37 |       ||    37
Throw: Dart              |       |     3 |     4 |       |     8 |    37 |     4 ||    56
       Throwing net      |       |       |       |       |       |     3 |       ||     3
 Cast: Frozen Ramparts   |       |       |       |       |       |     8 |       ||     8
       Ozocubu's Armour  |       |       |       |       |       |     3 |       ||     3
Invok: Purification      |       |       |       |     4 |     7 |       |       ||    11
       Heal Other        |       |       |       |     2 |    10 |       |       ||    12
       Heal Self         |       |       |       |       |     5 |       |       ||     5
       Cleansing Flame   |       |       |       |       |     4 |    19 |    25 ||    48
       Divine Shield     |       |       |       |       |     3 |    17 |    12 ||    32
       Brand Weapon With |       |       |       |       |       |     1 |       ||     1
Evoke: Wand              |       |       |       |    17 |    33 |    21 |       ||    71
       Phantom mirror    |       |       |       |       |       |       |     1 ||     1
       Box of beasts     |       |       |       |       |       |       |     1 ||     1
  Use: Scroll            |     7 |     2 |     4 |    10 |     8 |    11 |     3 ||    45
       Potion            |     2 |       |       |       |     2 |    10 |     4 ||    18
 Stab: Sleeping          |     1 |     1 |     8 |     1 |     3 |       |       ||    14
       Distracted        |       |       |     1 |     1 |     1 |       |       ||     3
       Paralysed         |       |       |       |     1 |     4 |       |       ||     5
       Petrified         |       |       |       |       |     3 |       |       ||     3
       Petrifying        |       |       |       |       |     1 |       |       ||     1
Armor: Ring mail         |    47 |    16 |     6 |       |       |       |       ||    69
       Leather armour    |       |       |    37 |       |       |       |       ||    37
       Scale mail        |       |       |    36 |   259 |   599 |   682 |   281 ||  1857
Dodge: Dodged            |    56 |    45 |   140 |   288 |   645 |   613 |   274 ||  2061
Block: Other             |       |    13 |    46 |   123 |    81 |    73 |       ||   336
       Reflection        |       |       |     1 |     5 |       |    20 |   103 ||   129
       Kite shield       |       |       |       |       |       |   484 |   728 ||  1212

Table legend: (Time is in decaauts)
 A = Elapsed time spent in this place.
 B = Non-inter-level travel time spent in this place.
 C = Inter-level travel time spent in this place.
 D = Time resting spent in this place.
 E = Time spent auto-exploring this place.
 F = Levels seen in this place.
 G = Mean time per level.
                   A        B        C        D        E       F      G
               +--------+--------+--------+--------+--------+-----+--------+
         Total |  34186 |  31405 |   2781 |   3638 |  18403 |  34 | 1005.5 |
       Dungeon |  13528 |  12226 |   1302 |    865 |   8133 |  15 |  901.9 |
        Temple |    549 |    489 |     60 |      0 |    461 |   1 |  549.0 |
          Lair |   6891 |   6075 |    816 |    389 |   4147 |   6 | 1148.5 |
        Shoals |   3859 |   3691 |    168 |    769 |    854 |   4 |  964.8 |
   Spider Nest |   6649 |   6425 |    224 |   1387 |   3598 |   4 | 1662.2 |
  Orcish Mines |   1743 |   1535 |    208 |     84 |    842 |   2 |  871.5 |
        Vaults |    625 |    625 |      0 |    107 |    251 |   1 |  625.0 |
        Bailey |    340 |    340 |      0 |     35 |    117 |   1 |  340.0 |
               +--------+--------+--------+--------+--------+-----+--------+

Top non-repeatable levels by time:
Spider:4: 2018 daAuts
Spider:3: 1953 daAuts
Spider:1: 1484 daAuts
  Lair:6: 1360 daAuts
  Lair:2: 1277 daAuts
  Lair:1: 1259 daAuts
Spider:2: 1193 daAuts
  Lair:5: 1178 daAuts
     D:4: 1156 daAuts
Shoals:2: 1147 daAuts
     D:9: 1135 daAuts
     D:1: 1089 daAuts
    D:10: 1081 daAuts
     D:5: 1059 daAuts
    D:11: 1054 daAuts
